Map: Nightshade LE

Players

Snake

  • Race: Zerg Zerg
  • League: Grandmaster
  • Spawn Location: 11:00

BewwyCwuncH - Winner!

  • Race: Terran Terran
  • League: Grandmaster
  • Spawn Location: 5:00

VOD

Have the link to the VOD?

Description

Time

  • Played on: Jan. 27, 2020, 4:37 a.m.
  • Length: 41:12
Show
View Real Time Build Order
Export as new Build Order

Snake Zerg 

Build Orders: Pool First 

Get SALT Encoding   

  12  0:01  Drone  
  13  0:13  Overlord  
  13  0:16  Drone  
  14  0:26  Drone, Extractor  
  14  0:40  Spawning Pool  
  13  0:43  Drone  
  13  0:47  Drone  
  15  0:53  Drone  
  15  0:56  Drone  
  17  1:23  Hatchery  
  17  1:25  Drone  
  17  1:30  Zergling x2  
  18  1:36  Zergling x2  
  19  1:42  Queen  
  21  1:49  Overlord  
  21  1:54  Metabolic Boost  
  21  2:03  Zergling x2  
  22  2:13  Zergling x4  
  24  2:17  Queen  
  26  2:29  Drone  
  27  2:34  Queen  
  29  2:40  Drone x2  
  31  2:47  Drone  
  31  2:48  Drone  
  33  2:56  Overlord, Drone  
  33  2:57  Drone x2  
  36  3:06  Overlord  
  36  3:26  Hatchery  
  35  3:29  Drone  
  35  3:30  Drone  
  35  3:32  Drone x2  
  35  3:33  Drone x2  
  41  3:38  Zergling x6  
  45  3:41  Drone x2  
  45  3:46  Drone  
  47  3:54  Zergling x4  
  47  3:55  Queen  
  49  4:02  Drone  
  52  4:03  Overlord  
  52  4:11  Overlord  
  52  4:18  Overlord, Spine Crawler  
  52  4:21  Lair, Spore Crawler  
  52  4:22  Drone x2  
  52  4:31  Zergling x2, Drone x3  
  52  4:46  Drone  
  52  4:47  Drone  
  52  4:50  Drone x3  
  52  4:52  Drone x2  
  58  4:53  Drone  
  58  4:54  Drone x2  
  58  4:57  Queen  
  63  5:02  Extractor  
  63  5:04  Extractor  
  63  5:06  Drone x2  
  58  5:13  Drone x7  
  60  5:14  Drone  
  60  5:17  Drone  
  60  5:27  Evolution Chamber  
  59  5:28  Evolution Chamber, Extractor  
  59  5:29  Infestation Pit  
  59  5:32  Drone  
  59  5:33  Drone x2  
  60  5:35  Drone x2  
  60  5:36  Drone  
  60  5:41  Drone x3  
  65  5:51  Overlord, Baneling Nest  
  65  5:55  Drone x2  
  65  5:56  Overlord  
  66  5:59  Drone x2  
  66  6:00  Drone  
  66  6:02  Overlord  
  66  6:04  Drone x2  
  71  6:07  Zerg Melee Weapons Level 1  
  71  6:11  Hive  
  71  6:15  Zerg Ground Armor Level 1  
  71  6:19  Drone  
  71  6:20  Zergling x4  
  71  6:21  Zergling x2  
  71  6:23  Zergling x2  
  71  6:24  Zergling x4  
  79  6:25  Zergling x2  
  79  6:28  Extractor  
  79  6:30  Drone x2  
  79  6:31  Drone  
  81  6:34  Centrifical Hooks  
  81  6:37  Drone x2  
  81  6:38  Drone  
  81  6:39  Zergling x4  
  86  6:42  Zergling x2  
  87  6:47  Zergling x2  
  87  6:48  Zergling x6  
  91  6:55  Overlord  
  91  6:57  Extractor  
  91  6:58  Zergling x8  
  91  7:01  Drone x2  
  96  7:07  Drone, Spire  
  96  7:09  Drone  
  96  7:12  Overlord x3  
  96  7:14  Overlord  
  97  7:17  Spore Crawler  
  97  7:22  Overseer  
  96  7:24  Ultralisk Cavern  
  96  7:27  Baneling  
  96  7:28  Baneling x3  
  96  7:29  Zergling x8  
  99  7:31  Baneling  
  99  7:32  Baneling x9  
  99  7:34  Zergling x4  
  99  7:35  Zergling x2  
  102  7:38  Zergling x6  
  102  7:41  Baneling x5  
  105  7:45  Overseer  
  105  7:48  Zergling x6  
  101  8:04  Zerg Melee Weapons Level 2  
  100  8:08  Overlord  
  100  8:11  Zerg Ground Armor Level 2  
  100  8:14  Drone x5  
  100  8:17  Drone x3  
  100  8:19  Chitinous Plating  
  108  8:22  Zergling x6  
  111  8:29  Ultralisk  
  111  8:31  Zergling x2  
  111  8:32  Zergling x8  
  111  8:34  Baneling  
  122  8:37  Zergling x8  
  122  8:38  Queen  
  128  8:44  Ultralisk  
  134  8:56  Ultralisk  
  140  9:07  Ultralisk  
  126  9:19  Ultralisk  
  126  9:21  Zergling x14  
  126  9:22  Zergling x10  
  144  9:28  Zergling x2  
  144  9:29  Overlord  
  145  9:37  Queen  
  146  9:39  Queen  
  146  9:45  Overlord  
  138  9:47  Corruptor x4  
  146  9:53  Queen  
  146  9:55  Anabolic Synthesis  
  146  9:57  Overlord x2  
  148  10:05  Drone  
  149  10:10  Overlord  
  149  10:13  Hatchery, Queen  
  150  10:22  Corruptor x4  
  158  10:29  Zerg Melee Weapons Level 3  
  158  10:32  Zergling x10  
  163  10:42  Zergling x2  
  161  10:53  Zergling x10  
  161  10:54  Zergling x4  
  166  11:01  Drone  
  166  11:02  Overlord  
  167  11:05  Zerg Ground Armor Level 3  
  167  11:06  Pathogen Glands  
  167  11:08  Greater Spire  
  167  11:12  Zergling x10  
  167  11:14  Baneling x2  
  167  11:15  Zergling x8  
  167  11:18  Overseer x2  
  176  11:19  Zergling x4  
  176  11:21  Baneling x3  
  171  11:26  Zergling x2  
  122  11:34  Zergling x4, Ultralisk  
  122  11:35  Zergling x2  
  122  11:36  Zergling x12  
  122  11:38  Baneling  
  122  11:39  Baneling x3  
  131  11:40  Zergling x4  
  131  11:45  Zergling x2  
  134  11:52  Zergling x4  
  134  11:53  Zergling x2  
  114  12:01  Ultralisk  
  114  12:02  Zergling x4  
  114  12:06  Baneling x4  
  119  12:11  Zergling x2, Ultralisk  
  119  12:12  Zergling x4  
  119  12:13  Zergling x4  
  126  12:17  Zergling x6  
  126  12:19  Zergling x2  
  126  12:20  Overseer  
  126  12:21  Zergling x2  
  128  12:26  Zergling x2  
  112  12:30  Ultralisk  
  112  12:31  Zergling x2  
  119  12:38  Ultralisk  
  125  12:52  Ultralisk  
  125  12:57  Zergling x6  
  134  13:02  Zergling x4  
  134  13:03  Zergling x2  
  134  13:04  Hatchery  
  125  13:16  Ultralisk  
  120  13:21  Ultralisk  
  121  13:29  Ultralisk  
  118  13:34  Corruptor  
  118  13:35  Zergling x2, Overlord  
  118  13:39  Corruptor  
  123  13:54  Zergling x6, Ultralisk  
  132  14:01  Queen  
  134  14:07  Zergling x6  
  137  14:13  Infestor  
  137  14:16  Baneling x4  
  139  14:20  Extractor  
  139  14:23  Extractor  
  137  14:24  Overseer  
  137  14:28  Infestor  
  137  14:30  Zergling x8  
  137  14:31  Zergling x2  
  144  14:33  Overseer  
  141  14:46  Drone x3  
  136  15:00  Corruptor x2  
  136  15:02  Zergling x4  
  136  15:04  Overlord  
  140  15:17  Hatchery, Zerg Flyer Weapons Level 1  
  140  15:18  Corruptor x2  
  143  15:32  Infestor x4  
  143  15:33  Zergling x6  
  143  15:34  Zergling x2  
  143  15:35  Overseer  
  155  15:39  Zergling x2  
  155  15:40  Zergling x4  
  158  15:46  Baneling x2  
  158  15:47  Baneling x3  
  158  15:49  Corruptor  
  158  15:54  Corruptor  
  158  15:56  Drone  
  158  15:57  Drone  
  164  15:59  Drone  
  165  16:04  Drone x2  
  165  16:05  Drone  
  165  16:06  Drone  
  169  16:12  Corruptor  
  171  16:26  Zergling x8  
  171  16:27  Zergling x2  
  171  16:29  Pneumatized Carapace  
  155  16:48  Drone  
  155  16:49  Drone x8  
  142  16:54  Zergling x2  
  142  16:55  Zergling x4  
  142  17:01  Drone x4  
  137  17:03  Drone  
  137  17:04  Drone  
  137  17:18  Drone x3  
  137  17:19  Drone x2  
  134  17:24  Drone x3  
  134  17:26  Zergling x2  
  134  17:27  Zergling x6  
  140  17:30  Extractor  
  140  17:35  Drone x5  
  143  17:50  Drone x3  
  146  17:51  Drone x3  
  146  17:53  Queen  
  146  17:56  Spore Crawler  
  146  17:57  Corruptor  
  154  18:13  Drone x2  
  154  18:14  Drone x3  
  160  18:20  Drone x2  
  160  18:21  Spire  
  156  18:35  Zergling x8  
  160  18:41  Extractor  
  160  18:42  Zergling x2  
  160  18:43  Zergling x6  
  162  18:50  Drone x2  
  162  18:51  Drone  
  162  18:53  Extractor  
  164  18:56  Drone  
  164  18:58  Overlord  
  165  19:09  Hatchery  
  160  19:18  Ultralisk x2  
  160  19:23  Extractor x2  
  170  19:25  Drone x3  
  170  19:27  Overlord x3, Spore Crawler  
  170  19:28  Drone  
  173  20:02  Drone x3  
  173  20:04  Drone x2  
  173  20:05  Drone x6  
  173  20:07  Drone x4  
  166  20:42  Corruptor x3  
  168  20:45  Greater Spire  
  168  20:46  Drone x2  
  168  20:47  Drone  
  168  20:48  Drone, Spire  
  175  20:59  Zerg Missile Weapons Level 1  
  175  21:00  Adrenal Glands  
  175  21:03  Drone x3  
  175  21:04  Drone x2  
  180  21:11  Spine Crawler  
  180  21:12  Spore Crawler  
  180  21:16  Corruptor  
  180  21:17  Hatchery  
  179  21:22  Zergling x6  
  184  21:32  Zergling x4  
  184  21:33  Zergling x4, Spine Crawler, Spore Crawler  
  184  21:34  Spine Crawler, Drone x3  
  184  21:37  Drone x3  
  184  21:38  Overlord  
  172  22:08  Hatchery  
  171  22:12  Drone  
  171  22:13  Drone x4  
  171  22:15  Drone x5  
  179  22:16  Drone x5  
  179  22:17  Drone  
  187  22:27  Zerg Flyer Weapons Level 2  
  187  22:28  Zerg Flyer Armor Level 1  
  187  22:36  Spine Crawler  
  186  22:46  Drone x4  
  186  22:48  Spore Crawler  
  186  22:50  Spore Crawler  
  185  22:53  Extractor  
  169  23:06  Zergling x10  
  169  23:07  Zergling x24  
  186  23:13  Drone  
  186  23:18  Zergling x2  
  186  23:19  Zergling x6  
  191  23:24  Queen  
  193  23:27  Queen  
  195  23:36  Overlord  
  195  23:38  Hatchery  
  194  23:44  Extractor  
  193  23:50  Spore Crawler, Drone x4  
  193  23:53  Overlord  
  193  23:55  Spore Crawler  
  195  23:56  Extractor  
  195  23:59  Spore Crawler  
  191  24:11  Spore Crawler  
  190  24:22  Spine Crawler, Spore Crawler, Drone x3  
  190  24:23  Spine Crawler, Spore Crawler  
  189  24:24  Spine Crawler, Queen  
  190  24:37  Hatchery  
  189  24:38  Corruptor  
  189  24:39  Corruptor x4  
  199  24:50  Corruptor x3  
  198  25:03  Zerg Flyer Armor Level 2, Zerg Flyer Weapons Level 3  
  196  25:14  Drone x3, Extractor  
  199  25:15  Drone  
  199  25:28  Hatchery, Spore Crawler  
  198  25:30  Spore Crawler  
  196  26:03  Zergling x4  
  198  26:15  Drone  
  198  26:18  Spore Crawler  
  186  26:45  Drone x3  
  186  26:46  Drone x5  
  195  26:47  Drone x7  
  195  26:53  Extractor  
  198  27:05  Hatchery  
  198  27:08  Drone  
  186  27:21  Corruptor  
  186  27:22  Infestor, Corruptor x4  
  173  27:26  Zergling x2, Infestor x2  
  173  27:27  Zergling x2  
  182  27:30  Brood Lord  
  182  27:31  Brood Lord x8  
  200  27:53  Extractor  
  200  27:54  Extractor  
  200  27:57  Infestor  
  200  28:04  Burrow  
  200  28:30  Zerg Flyer Armor Level 3  
  192  29:38  Queen  
  190  30:22  Corruptor  
  190  30:23  Corruptor x6  
  190  30:28  Infestor  
  189  31:04  Corruptor x3  
  165  31:07  Corruptor x5  
  165  31:09  Infestor, Corruptor x3  
  165  31:10  Corruptor x2  
  193  31:11  Infestor  
  193  31:12  Drone, Extractor  
  193  31:14  Overlord  
  193  31:15  Overlord  
  171  31:55  Corruptor x5  
  175  32:02  Zergling x2  
  175  32:03  Zergling x18  
  185  32:13  Zergling x2  
  185  32:14  Zergling x4  
  188  32:16  Corruptor  
  188  32:17  Corruptor x2  
  188  32:18  Drone  
  195  32:23  Drone  
  195  32:26  Corruptor x2  
  196  32:32  Drone x3  
  196  32:34  Drone  
  200  32:44  Hatchery  
  199  33:00  Baneling x4  
  199  33:01  Baneling x2  
  199  33:02  Baneling x2  
  199  33:13  Overseer x2  
  192  34:03  Hatchery  
  105  34:38  Ultralisk x2  
  105  34:39  Ultralisk x8  
  159  34:47  Hatchery, Infestor  
  159  34:48  Overlord x2  
  159  34:52  Overlord  
  160  34:54  Overlord  
  160  34:59  Overseer x2  
  160  35:08  Zergling x4  
  160  35:09  Zergling x4  
  160  35:10  Infestor x2  
  160  35:12  Brood Lord  
  160  35:13  Brood Lord  
  172  35:15  Zergling x4  
  172  35:19  Infestor  
  176  35:25  Zergling x8  
  176  35:27  Brood Lord  
  182  35:31  Infestor x3  
  182  35:33  Drone x2  
  182  35:34  Drone  
  182  35:35  Drone x2, Extractor  
  192  35:36  Drone x2  
  192  35:37  Drone x2  
  192  35:41  Zergling x4  
  198  35:59  Overlord x2  
  198  36:24  Extractor  
  197  36:58  Infestor x3  
  192  37:03  Infestor x2  
  192  37:04  Corruptor x3  
  174  37:08  Corruptor x2  
  174  37:10  Zergling x8  
  174  37:12  Zergling x2  
  142  37:24  Corruptor  
  142  37:25  Zergling x2  
  142  37:26  Zergling x4  
  147  37:35  Hatchery  
  146  37:37  Queen x2  
  146  37:38  Queen  
  150  37:44  Corruptor  
  150  37:45  Zergling x4  
  154  37:52  Drone  
  154  37:53  Drone x2  
  156  37:59  Drone x2  
  156  38:00  Drone x6  
  148  38:13  Zergling x6  
  149  38:36  Corruptor  
  151  38:57  Overseer  
  150  39:29  Hatchery  
  149  39:58  Extractor  
  148  40:00  Extractor  
  147  40:24  Zergling x2  
  147  40:27  Zergling x4  
  148  40:35  Zergling x4  
Show
View Real Time Build Order
Export as new Build Order

BewwyCwuncH Terran - Winner!

Build Orders: Gas First Reaper Expand, Liberator Opening 

Get SALT Encoding   

  12  0:00  SCV  
  13  0:13  SCV  
  14  0:17  Supply Depot  
  14  0:25  SCV  
  15  0:29  Refinery  
  15  0:39  SCV  
  16  0:44  Barracks  
  16  0:51  SCV  
  17  1:03  SCV  
  18  1:15  SCV  
  19  1:31  Reaper, Orbital Command  
  20  1:48  Command Center  
  20  1:56  SCV  
  20  2:01  Factory  
  20  2:06  Barracks Reactor  
  20  2:09  SCV  
  21  2:18  Supply Depot  
  21  2:21  SCV  
  22  2:23  Refinery  
  22  2:33  SCV  
  23  2:49  Starport  
  23  2:54  SCV  
  23  2:58  Hellion x2  
  28  3:03  Orbital Command  
  28  3:06  SCV, Marine  
  30  3:18  SCV  
  30  3:19  Hellion x2  
  35  3:30  Orbital Command, Liberator  
  35  3:32  SCV  
  38  3:44  SCV  
  39  3:53  Marine x2, Factory Tech Lab  
  39  3:54  Bunker  
  41  3:56  SCV  
  41  3:57  SCV  
  41  4:01  Supply Depot  
  43  4:04  Supply Depot  
  43  4:10  Marine x2  
  43  4:15  SCV  
  46  4:18  Siege Tank, Liberator  
  52  4:25  SCV  
  52  4:28  SCV  
  54  4:35  Supply Depot  
  54  4:37  SCV  
  55  4:40  SCV  
  56  4:49  SCV  
  57  4:55  SCV  
  57  4:58  Supply Depot, Marine  
  57  4:59  Factory Reactor  
  59  5:01  SCV  
  60  5:07  SCV  
  60  5:13  SCV  
  58  5:18  Marine  
  58  5:19  SCV, Stimpack  
  56  5:24  Barracks  
  56  5:25  SCV, Supply Depot  
  56  5:26  Barracks  
  54  5:32  SCV  
  54  5:34  Viking  
  54  5:36  Marine  
  54  5:38  SCV  
  56  5:44  SCV  
  56  5:47  Supply Depot  
  57  5:50  SCV  
  57  5:54  Marine  
  57  5:56  SCV, Command Center  
  60  5:57  Factory Reactor  
  60  5:59  Refinery  
  60  6:00  Refinery  
  60  6:07  Starport Reactor, Engineering Bay  
  60  6:09  Engineering Bay  
  60  6:12  Marine  
  60  6:16  Marine x2  
  60  6:17  Supply Depot  
  63  6:24  Marine x2  
  65  6:26  SCV x2  
  67  6:33  Barracks x2  
  67  6:36  Marine x2  
  67  6:38  Terran Infantry Weapons Level 1, Terran Infantry Armor Level 1  
  70  6:40  SCV x2  
  70  6:43  Widow Mine x2  
  70  6:44  Medivac  
  70  6:45  Medivac  
  79  6:48  Marine x2  
  79  6:52  SCV x2  
  83  6:56  Supply Depot, Marine x2  
  83  6:59  Marine  
  86  7:05  Combat Shield, Marine  
  86  7:06  Marine  
  88  7:09  SCV x2  
  88  7:14  Marine x2  
  92  7:15  Medivac  
  92  7:17  Medivac, Marine  
  92  7:22  Barracks Reactor x2  
  97  7:23  Marine  
  97  7:26  SCV  
  97  7:27  Armory, SCV  
  100  7:35  Orbital Command  
  100  7:38  Marine  
  100  7:39  SCV, Marine  
  100  7:40  SCV  
  104  7:45  Medivac  
  104  7:46  Widow Mine  
  104  7:47  Widow Mine  
  104  7:49  Supply Depot  
  104  7:51  SCV  
  111  7:53  Marine x2  
  107  8:02  Marauder, Marine x5  
  107  8:03  Marine  
  107  8:04  SCV  
  107  8:05  SCV  
  115  8:11  Supply Depot  
  115  8:13  Factory, Marine  
  115  8:14  Marine  
  115  8:16  Widow Mine  
  115  8:17  Widow Mine  
  119  8:20  Marine x2  
  119  8:21  SCV  
  119  8:22  SCV  
  119  8:24  Marauder  
  119  8:25  Marine x3  
  128  8:28  Marine  
  128  8:30  SCV  
  128  8:31  Marine  
  128  8:33  SCV  
  132  8:34  SCV  
  132  8:36  Supply Depot  
  132  8:37  Marine x2  
  132  8:38  Supply Depot  
  132  8:40  Marine  
  136  8:41  Refinery  
  136  8:42  Marine  
  137  8:50  Marine x2  
  137  8:56  Widow Mine x2, Factory Tech Lab  
  137  8:58  Marine x3  
  137  8:59  Marauder, Marine x2  
  137  9:00  Supply Depot, Marine  
  149  9:08  Marine x2  
  151  9:16  Marine x4  
  149  9:17  SCV x3, Widow Mine x2  
  149  9:19  Terran Infantry Weapons Level 2  
  149  9:20  Terran Infantry Armor Level 2, Marauder  
  149  9:21  Supply Depot x2  
  158  9:24  Drilling Claws  
  158  9:26  Medivac  
  158  9:28  Medivac  
  158  9:30  Marine x2  
  162  9:48  Siege Tank  
  162  9:49  SCV, Widow Mine x2  
  162  9:50  SCV  
  171  9:56  Liberator  
  171  9:57  Supply Depot x2, Terran Vehicle And Ship Armor Level 1  
  171  9:58  Supply Depot, Liberator  
  177  10:00  Barracks Tech Lab  
  177  10:03  Marine, Barracks Tech Lab  
  177  10:04  Marauder, Marine  
  181  10:11  Marine x2  
  181  10:13  Widow Mine x2  
  187  10:21  Marine x2  
  187  10:22  Refinery  
  187  10:25  Marauder  
  191  10:34  Command Center  
  191  10:39  Medivac  
  190  10:56  Marine x3  
  190  10:57  Marauder x3, Marine  
  183  11:09  Widow Mine x2, Liberator  
  183  11:10  Liberator  
  193  11:14  Marine x4  
  193  11:18  Marauder  
  199  11:19  Marine  
  199  11:20  Barracks  
  199  11:21  Barracks  
  199  11:22  Barracks  
  200  11:32  Marine x2  
  142  11:37  Marauder x2, Marine x2  
  142  11:38  Widow Mine x2  
  142  11:39  Marine  
  153  11:45  Widow Mine  
  155  11:50  Marine x2  
  138  11:55  Marine x2  
  138  11:57  Marauder  
  138  11:58  Marine  
  125  12:02  Widow Mine x2  
  125  12:03  Marauder  
  125  12:08  Marine x2  
  133  12:12  Command Center  
  133  12:14  Marine x2  
  131  12:16  Marauder  
  131  12:19  Marauder  
  131  12:20  Barracks Tech Lab  
  135  12:24  Marine  
  135  12:25  Marine x2  
  128  12:32  Marine x6  
  128  12:33  Concussive Shells  
  128  12:34  SCV x2  
  128  12:36  Planetary Fortress  
  135  12:38  Marauder  
  135  12:40  Marauder  
  135  12:43  Marauder x2, Marine x2  
  145  12:45  SCV  
  145  12:46  SCV  
  145  12:50  Marine x3  
  145  12:51  Medivac x2  
  152  12:52  SCV  
  152  12:55  Marine  
  152  12:56  Marine x2  
  152  12:57  SCV  
  159  12:58  Marine  
  148  13:19  Widow Mine x2  
  138  13:21  Marauder  
  133  13:31  Marauder x2, Marine  
  133  13:32  Widow Mine  
  133  13:33  Medivac x2  
  120  13:40  Command Center, Refinery  
  120  13:41  Refinery, Widow Mine  
  122  13:42  Ghost Academy  
  122  13:44  Ghost Academy  
  122  13:45  Terran Infantry Weapons Level 3  
  122  13:46  Ghost Academy  
  122  13:47  Terran Infantry Armor Level 3  
  122  13:48  Terran Vehicle And Ship Armor Level 2  
  122  14:00  SCV x2  
  122  14:01  Marine  
  122  14:02  Marauder, Marine  
  128  14:05  Marauder, Marine x3  
  128  14:06  Marauder  
  128  14:07  Marine  
  128  14:09  Missile Turret  
  136  14:11  Missile Turret  
  136  14:14  Sensor Tower  
  136  14:18  Marauder, Marine, Personal Cloaking  
  136  14:19  Nuke  
  136  14:20  Nuke  
  145  14:43  Missile Turret  
  147  14:49  Marine  
  148  14:58  SCV x2  
  148  15:00  Command Center  
  148  15:02  SCV  
  148  15:04  Unknown x3  
  148  15:05  Planetary Fortress  
  155  15:08  Unknown  
  152  15:15  SCV x3  
  152  15:16  SCV  
  156  15:23  Marine x4  
  156  15:24  Marine  
  156  15:27  SCV x2  
  156  15:28  SCV x2  
  167  15:29  Enhanced Shockwaves, Missile Turret  
  167  15:30  Missile Turret  
  167  15:32  Unknown x3  
  167  15:33  Missile Turret  
  169  15:37  Planetary Fortress  
  169  15:41  Marine x2  
  173  15:43  Command Center  
  173  15:44  Nuke  
  173  15:51  Unknown  
  173  16:01  Unknown  
  173  16:02  Marauder, Marine x2  
  173  16:03  Liberator x2  
  183  16:04  Marine x4  
  183  16:05  Marine x2  
  183  16:09  Unknown  
  193  16:12  Refinery, Sensor Tower  
  193  16:15  Refinery  
  193  16:17  Command Center, Sensor Tower  
  193  16:33  Unknown x2  
  193  16:35  Marauder x2, Marine x3  
  193  16:39  Nuke  
  199  16:48  Nuke  
  180  17:02  Marine x4, Nuke  
  192  17:21  Marine x5  
  192  17:22  Medivac x2  
  193  17:27  Planetary Fortress  
  190  17:30  Unknown x4, Missile Turret  
  190  17:32  Missile Turret  
  196  17:58  Unknown x2  
  196  17:59  Unknown x2, Missile Turret x2, Command Center  
  196  18:00  Command Center x2  
  196  18:01  Missile Turret  
  196  18:26  Nuke  
  196  18:27  Nuke x2  
  196  18:35  Planetary Fortress  
  196  18:37  Terran Vehicle And Ship Armor Level 3  
  196  18:43  Refinery x2  
  196  18:44  Command Center, Missile Turret  
  196  18:45  Missile Turret  
  196  18:47  Marauder  
  196  18:48  Missile Turret  
  200  18:49  Orbital Command  
  200  18:51  Missile Turret  
  200  19:04  Starport x3  
  200  19:09  Marauder, Fusion Core  
  196  19:11  Unknown x2  
  196  19:13  Orbital Command  
  196  19:14  Planetary Fortress  
  195  19:17  Missile Turret  
  195  19:18  Missile Turret, Marine  
  195  19:19  Marauder x2  
  200  19:24  Armory  
  200  19:44  Barracks  
  200  19:45  Command Center  
  200  19:49  Starport Tech Lab x3  
  200  19:52  Planetary Fortress  
  200  19:58  Command Center  
  200  20:21  Planetary Fortress  
  198  20:56  Missile Turret  
  181  20:57  Command Center, Refinery  
  181  20:58  Battlecruiser x3  
  181  20:59  Missile Turret x3  
  181  21:00  Missile Turret  
  181  21:01  Missile Turret  
  181  21:02  Terran Ship Weapons Level 1, Refinery  
  199  21:14  Terran Vehicle Weapons Level 1  
  199  21:34  Missile Turret  
  199  21:35  Missile Turret  
  199  21:36  Missile Turret  
  198  21:52  Nuke x2  
  198  21:59  Medivac  
  198  22:00  Command Center  
  200  22:08  Sensor Tower  
  200  22:09  Planetary Fortress  
  200  22:13  Missile Turret, Neosteel Armor  
  200  22:14  Hi-Sec Auto Tracking  
  200  22:15  Missile Turret  
  198  22:19  Planetary Fortress  
  198  22:30  Weapon Refit  
  198  22:37  Planetary Fortress  
  182  23:09  Battlecruiser x3  
  193  23:21  Medivac x2  
  197  23:36  Command Center  
  197  23:51  Missile Turret, Command Center  
  197  23:53  Orbital Command  
  197  23:55  Command Center, Missile Turret  
  197  24:05  Refinery  
  197  24:07  Refinery  
  197  24:19  Missile Turret  
  197  24:21  Missile Turret x2  
  197  24:22  Missile Turret  
  197  24:24  Terran Ship Weapons Level 2  
  197  24:25  Terran Vehicle Weapons Level 2  
  197  24:56  Nuke x3  
  183  25:03  Battlecruiser  
  183  25:04  Battlecruiser  
  195  25:14  Viking  
  195  25:15  Orbital Command  
  197  25:28  Planetary Fortress  
  197  25:29  Missile Turret  
  197  25:30  Missile Turret  
  197  25:34  Orbital Command  
  197  25:37  Command Center  
  199  26:10  Missile Turret  
  197  26:21  Unknown  
  197  26:24  Nuke x3  
  194  26:49  Battlecruiser  
  200  26:58  Orbital Command  
  200  27:00  Command Center  
  200  27:03  Command Center  
  186  27:29  Battlecruiser  
  198  27:30  Battlecruiser  
  198  27:31  Terran Ship Weapons Level 3  
  198  27:32  Terran Vehicle Weapons Level 3  
  200  28:16  Orbital Command  
  200  28:17  Orbital Command  
  200  28:41  Unknown x2  
  198  29:34  Marauder x2, Marine x4  
  198  29:35  Marauder x2, Marine x4  
  195  29:43  Nuke x2  
  195  29:44  Nuke  
  195  29:52  Marine  
  196  30:15  Marine  
  196  30:16  Marauder  
  189  30:55  Battlecruiser  
  144  31:05  Battlecruiser  
  144  31:06  Battlecruiser, Viking x2  
  144  31:07  Marine x3  
  144  31:08  Marine x2  
  173  31:31  Starport x2  
  173  31:33  Starport  
  173  31:35  Unknown x3  
  173  31:36  Unknown  
  173  31:59  Battlecruiser  
  174  32:04  Unknown x2  
  175  32:10  Battlecruiser x2, Starport Tech Lab x3  
  183  32:17  Marine  
  183  32:18  Marine x2  
  188  32:24  Missile Turret x2  
  188  32:26  Missile Turret  
  186  32:31  Unknown x2  
  186  32:46  Unknown  
  186  32:47  Battlecruiser x2  
  198  33:40  Raven  
  131  34:25  Siege Tank  
  131  34:26  Marauder x4, Marine  
  131  34:27  Marine  
  131  34:28  Viking x5  
  131  34:29  Viking x3  
  131  34:30  Marine  
  130  34:38  Marine x3  
  130  34:39  Marine x2  
  130  34:44  Marine x2  
  137  34:47  Marauder x2  
  137  34:48  Marauder x2, Marine  
  146  34:57  Viking  
  146  34:58  Viking, Raven x3  
  164  35:02  Thor  
  162  35:07  Marine x4  
  162  35:09  Viking x3  
  180  35:21  Missile Turret  
  180  35:22  Missile Turret  
  180  35:23  Missile Turret  
  180  35:27  Viking  
  180  35:28  Viking  
  184  35:34  Marine x5  
  189  35:37  Unknown x4  
  189  35:39  Viking x2  
  199  35:52  Factory Tech Lab  
  199  36:05  Unknown x2, Command Center  
  199  36:06  Unknown  
  166  37:15  Marauder x2, Marine  
  160  37:17  Liberator x3  
  160  37:18  Marauder x2, Marine  
  174  37:24  Liberator x5  
  174  37:28  Thor  
  195  37:47  Missile Turret  
  195  37:51  Missile Turret  
  195  37:54  Missile Turret  
  195  37:59  Liberator  
  185  38:34  Marauder, Marine  
  187  38:37  Marauder x3, Marine x6  
  187  38:41  Sensor Tower  
  200  38:44  Missile Turret  
  200  38:48  Missile Turret  
  178  39:45  Nuke x3  
  178  39:48  Marine  
  176  40:00  Unknown x4, Marauder, Thor x2  
  196  40:11  Medivac  
  196  40:12  Medivac  
  200  40:28  Unknown x3  
Tags
 
Add a new tag
Caveats
  • Supply blocks, unpowered buildings, or Contaminate may cause inaccurate times.
  • Supply counts are checked every 10 seconds.